 Dungeon Crawl Stone Soup version 0.18.1-8-gdd0e5ea (webtiles) character file.

19 Arkorax the Magician (level 2, -8/14 HPs)
             Began as a Vine Stalker Wizard on May 21, 2016.
             Mangled by Natasha (9 damage)
             ... on level 2 of the Dungeon.
             The game lasted 00:01:08 (781 turns).

Arkorax the Magician (Vine Stalker Wizard)           Turns: 781, Time: 00:01:09

Health: -8/14      AC:  3    Str:  9    XL:     2   Next: 75%
Magic:  0/7        EV: 12    Int: 18    God:
Gold:   48         SH:  0    Dex: 12    Spells: 1 memorised, 6 levels left

rFire  . . .     SeeInvis .       - Unarmed
rCold  . . .     Gourm    .     a - +0 robe
rNeg   . . .     Faith    .     (no shield)
rPois  .         Spirit   +     b - +0 hat
rElec  .         Dismiss  .     (no cloak)
rCorr  .         Reflect  .     (no gloves)
SustAt .         Harm     .     n - +0 pair of boots
MR     .....                    (no amulet)
Stlth  ++........               (no ring)
                                (no ring)

@: slowed, very slow, not resistant to hostile enchantments, unstealthy
A: fangs 2, regeneration 1, magic shield, antimagic bite, no device heal 3, rot
immunity
a: no special abilities


You were on level 2 of the Dungeon.
You were not hungry.

You visited 1 branch of the dungeon, and saw 2 of its levels.

You collected 48 gold pieces.

Inventory:

Armour
 a - a +0 robe (worn)
 b - a +0 hat (worn)
 n - a +0 pair of boots (worn)
Scrolls
 h - 3 scrolls of identify {unknown}
 l - a scroll of fog {unknown}
 o - 2 scrolls of fear {unknown}
Potions
 e - 3 potions of brilliance {unknown}
 k - 2 potions of haste {unknown}
 m - a potion of curing {unknown}
Books
 c - a book of Minor Magic

   Spells                             Type                      Level
   a - Magic Dart                     Conjuration                  1
   b - Blink                          Translocation                2
   c - Call Imp                       Summoning                    2
   d - Repel Missiles                 Charms/Air                   2
   e - Slow                           Hexes                        2
   f - Conjure Flame                  Conjuration/Fire             3
   g - Mephitic Cloud                 Conjuration/Poison/Air       3
Comestibles
 d - a bread ration
 f - 4 fruits
 g - a royal jelly
 i - a meat ration
 j - a beef jerky


   Skills:
 * Level 1.0 Fighting
 + Level 1.9 Dodging
 - Level 2.4 Stealth
 * Level 1.2 Unarmed Combat
 - Level 3.2 Spellcasting
 - Level 1.0 Conjurations
   Level 1.0 Summonings
   Level 1.0 Translocations


You had 6 spell levels left.
You knew the following spells:

 Your Spells              Type           Power        Failure   Level  Hunger
a - Magic Dart            Conj           #...         12%         1    None


Dungeon Overview and Level Annotations

Branches:
Dungeon (2/15)

Altars:
Nemelex Xobeh

Annotations:
D:2 Natasha


Innate Abilities, Weirdness & Mutations

You have extremely sharp teeth.
Your natural rate of healing is unusually fast.
When hurt, damage is shared between your health and your magic reserves.
Your bite disrupts and absorbs the magic of your enemies.
Potions and wands cannot restore your health.
You are immune to rotting.


Message History

The magic dart hits you!
Natasha is nearby!
You hit Natasha but do no damage. Natasha claws you!
* * * LOW HITPOINT WARNING * * *
Natasha is nearby!
You are too injured to fight recklessly!
Unknown command.
Unknown command.
Unknown command.
Drink which item? (? for menu, Esc to quit)
Okay, then.
You hit Natasha. Your bite misses Natasha.
Natasha is lightly wounded.
Natasha stares at you and mumbles some strange words.
You feel yourself slow down.
You hit Natasha but do no damage.
Natasha is lightly wounded.
Natasha claws you!
Ouch! That really hurt!
You die...

#..............#
#......<#######.
.....#.## #. # .###
#..#######(###.#
.######......##...#.##
...............>.....
.######..###.#.....#####
.######.........h.......
................@#...#
...#####.............#
...# ###..#......##..#
...# #.......##......#
...# #.......##.###.##
...###.......##...# #
............###.#.#
..........#.###.#[..
..........#..##.# ###


You could see Natasha.

Vanquished Creatures
  4 bats
  4 goblins
  2 hobgoblins (D:1)
  A quokka (D:2)
  A giant newt (D:1)
  3 kobolds (D:1)
  3 rats (D:1)
18 creatures vanquished.

Notes
Turn   | Place    | Note
--------------------------------------------------------------
     0 | D:1      | Arkorax the Vine Stalker Wizard began the quest for the Orb.
     0 | D:1      | Reached XP level 1. HP: 9/9 MP: 5/5
   218 | D:1      | Reached skill level 1 in Unarmed Combat
   304 | D:1      | Reached XP level 2. HP: 13/14 MP: 4/7
   634 | D:2      | Found a sparkling altar of Nemelex Xobeh.
   709 | D:2      | Reached skill level 1 in Fighting
   775 | D:2      | Noticed Natasha
   781 | D:2      | Mangled by Natasha

Skill      XL: |  1  2 |
---------------+-------+-----
Unarmed Combat | 1 |  1.2
Fighting       | 1 |  1.0
Dodging        | |  1.9
Stealth        | |  2.4
Spellcasting   | |  3.2
Conjurations   | |  1.0
Summonings     | |  1.0
Translocations | |  1.0

Action                   || total
-------------------------++-------
Melee: Unarmed           ||    43
       Punch             ||     1
       Bite              ||    10
 Cast: Magic Dart        ||    23
 Stab: Sleeping          ||     1
Armor: Robe              ||    13
Dodge: Dodged            ||    34
